Map: Goldenaura LE

Players

A.I. 1 (Very Easy)

  • Race: Zerg Zerg
  • Spawn Location: 5:00

ArchonHero - Winner!

  • Race: Protoss Protoss
  • League: Platinum
  • Spawn Location: 12:00

VOD

Have the link to the VOD?

Description

Time

  • Played on: Feb. 18, 2024, 10:19 p.m.
  • Length: 8:33
Show
View Real Time Build Order
Export as new Build Order

A.I. 1 (Very Easy) Zerg 

Build Orders: Hatch First 

Get SALT Encoding   

  12  0:01  Drone  
  13  0:12  Overlord  
  13  0:17  Drone  
  14  0:41  Hatchery  
  13  0:45  Drone  
  14  1:03  Spawning Pool  
  13  1:05  Extractor  
  13  1:07  Drone  
  13  1:14  Drone  
  14  1:20  Overlord  
  14  1:51  Zergling x2, Queen  
  14  1:53  Zergling x2  
  18  2:00  Roach Warren  
  17  2:04  Drone  
  18  2:08  Extractor  
  18  2:12  Drone  
  18  2:18  Zergling x2  
  19  2:23  Drone  
  20  2:30  Drone  
  21  2:37  Drone  
  22  2:44  Drone  
  23  2:51  Drone  
  24  2:59  Drone  
  24  3:05  Roach  
  27  3:06  Drone  
  27  3:11  Overlord  
  28  3:16  Drone  
  29  3:23  Drone  
  30  3:29  Lair  
  30  3:30  Drone  
  31  3:42  Drone  
  32  3:49  Drone  
  32  3:52  Roach  
  35  3:56  Drone  
  35  4:00  Overlord  
  36  4:03  Drone  
  37  4:10  Drone  
  38  4:17  Drone  
  39  4:25  Drone  
  39  4:28  Overseer  
  39  4:30  Overseer  
  40  4:32  Drone  
  41  4:39  Drone, Overlord, Ravager  
  41  4:40  Roach  
  45  4:46  Drone  
  46  4:53  Drone  
  47  5:00  Extractor  
  47  5:01  Drone  
  47  5:05  Extractor  
  46  5:08  Drone  
  47  5:15  Drone  
  48  5:22  Drone  
  48  5:29  Drone  
  49  5:37  Drone  
  50  5:44  Drone  
  51  7:47  Zergling x2  
  51  7:48  Queen, Overlord  
  51  7:50  Drone  
  47  7:58  Drone  
  29  8:05  Drone  
  30  8:12  Drone  
Show
View Real Time Build Order
Export as new Build Order

ArchonHero Protoss - Winner!

Build Orders: 1 Gate Expand, Oracle Opening, Zealot Archon 

Get SALT Encoding   

  12  0:00  Probe  
  13  0:12  Probe  
  14  0:20  Pylon  
  14  0:24  Probe  
  15  0:38  Probe (Chrono Boost)  
  15  0:41  Gateway  
  16  0:47  Probe (Chrono Boost)  
  16  0:49  Assimilator  
  17  0:53  Probe  
  18  1:05  Probe  
  19  1:18  Probe  
  20  1:27  Nexus  
  20  1:36  Cybernetics Core  
  20  1:40  Probe  
  21  1:47  Assimilator  
  21  1:52  Probe  
  22  1:56  Pylon  
  22  2:04  Probe  
  23  2:12  Adept (Chrono Boost)  
  25  2:17  Probe  
  25  2:18  Stargate  
  26  2:26  Warp Gate  
  26  2:29  Probe (Chrono Boost)  
  27  2:35  Adept  
  29  2:39  Probe (Chrono Boost)  
  29  2:41  Probe (Chrono Boost)  
  31  2:49  Probe x2 (Chrono Boost)  
  33  2:54  Probe (Chrono Boost)  
  33  2:55  Pylon  
  34  3:01  Probe  
  34  3:04  Oracle (Chrono Boost)  
  38  3:06  Probe  
  38  3:11  Stalker  
  41  3:13  Probe  
  42  3:21  Gateway  
  42  3:24  Probe  
  43  3:30  Probe  
  44  3:38  Oracle (Chrono Boost)  
  44  3:39  Probe  
  48  3:42  Probe  
  49  3:51  Probe  
  49  3:54  Probe  
  49  3:55  Nexus  
  51  3:58  Pylon  
  51  4:03  Pylon  
  51  4:10  Assimilator  
  51  4:13  Assimilator  
  51  4:15  Twilight Council  
  51  4:19  Forge  
  51  4:23  Gateway  
  51  4:27  Gateway  
  51  4:34  Pylon  
  51  4:37  Probe (Chrono Boost)  
  53  4:41  Probe (Chrono Boost)  
  53  4:45  Robotics Facility  
  54  4:47  Probe (Chrono Boost)  
  54  4:48  Pylon  
  54  4:51  Probe (Chrono Boost)  
  54  4:52  Protoss Ground Weapons Level 1, Probe (Chrono Boost)  
  55  4:54  Charge  
  56  5:01  Probe  
  56  5:06  Probe  
  59  5:07  Probe  
  59  5:08  Zealot x2  
  63  5:19  Templar Archives  
  63  5:20  Pylon  
  63  5:26  Zealot x2  
  63  5:28  Zealot x2  
  69  5:32  Probe (Chrono Boost)  
  69  5:33  Probe (Chrono Boost)  
  72  5:36  Observer  
  72  5:37  Probe (Chrono Boost)  
  74  5:43  Probe (Chrono Boost)  
  74  5:46  Probe x2 (Chrono Boost)  
  74  5:47  Zealot x2, Probe (Chrono Boost)  
  74  5:48  Zealot  
  83  5:51  Zealot  
  85  6:02  Gateway  
  85  6:03  Gateway  
  85  6:05  Probe x2  
  85  6:06  Pylon  
  85  6:07  Probe  
  85  6:10  High Templar x2  
  92  6:12  High Templar  
  92  6:14  Warp Prism (Chrono Boost)  
  92  6:16  High Templar  
  98  6:23  Archon x2  
  98  6:28  Probe  
  98  6:29  Probe x2  
  101  6:35  Pylon  
  101  6:38  Pylon  
  101  6:42  Gateway  
  101  6:44  Gateway  
  101  6:45  Pylon  
  101  6:47  Pylon  
  101  6:55  High Templar  
  101  6:56  High Templar, Zealot x3  
  101  6:57  Zealot  
  101  6:59  Archon  
  113  7:18  Probe x3  
  113  7:20  Assimilator  
  116  7:22  Assimilator  
  116  7:23  High Templar  
  116  7:24  High Templar  
  116  7:25  Zealot x2  
  116  7:27  Archon  
  116  7:29  Zealot x2  
  128  7:30  Probe x3  
  128  7:36  Zealot  
  133  7:37  Zealot  
  135  7:49  Robotics Facility  
  135  7:51  Pylon  
  135  7:57  Zealot x7  
  135  7:58  Zealot  
  149  8:10  Pylon  
  149  8:15  Pylon  
  149  8:19  Zealot x4  
  157  8:20  Pylon  
  157  8:28  High Templar x2  
  157  8:29  Zealot x2  
Tags
 
Add a new tag
Caveats
  • Supply blocks, unpowered buildings, or Contaminate may cause inaccurate times.
  • Supply counts are checked every 10 seconds.